 Seeded DCSS version 0.28.0-53-g5a82cb258f (webtiles) character file.

Game seed: 1973 (custom seed)

105 Kazon the Cutter (level 5, 0/33 HPs)
             Began as a Kobold Monk on July 15, 2022.
             Slain by a gnoll
             ... wielding a +0 flail
              (8 damage)
             ... on level 2 of the Dungeon.
             The game lasted 00:06:20 (1781 turns).

Kazon the Cutter (Kobold Monk)                      Turns: 1781, Time: 00:06:21

Health: 0/33       AC:  2    Str: 10    XL:     5   Next: 9%
Magic:  6/6        EV: 16    Int: 12    God:
Gold:   102        SH:  0    Dex: 17    Spells: 5/5 levels left

rFire   . . .      SeeInvis .   d - +2 dagger (vamp)
rCold   . . .      Faith    .   (no shield)
rNeg    . . .      Spirit   .   b - +0 robe
rPois   .          Reflect  .   (no helmet)
rElec   .          Harm     .   (no cloak)
rCorr   .          Rampage  .   (no gloves)
Will    .....                   (no boots)
Stlth   ++++......              i - amulet of magic regeneration
HPRegen 0.11/turn               (no ring)
MPRegen 0.50/turn               (no ring)

@: no status effects
A: small, no large weapons, nightstalker 3
a: no special abilities


You were on level 2 of the Dungeon.
You visited 1 branch of the dungeon, and saw 2 of its levels.

You collected 102 gold pieces.

Inventory:

Hand Weapons
 a - a +0 short sword
 d - a +2 vampiric dagger (weapon)
 m - a +0 short sword of venom
Missiles
 e - 39 stones (quivered)
 n - 2 poisoned darts
Armour
 b - a +0 robe (worn)
Jewellery
 i - an amulet of magic regeneration (around neck)
 l - an amulet of faith
Scrolls
 f - a scroll of noise {unknown}
 g - a scroll of teleportation {unknown}
 k - 4 scrolls of identify {unknown}
 o - a scroll of enchant weapon {unknown}
Potions
 c - a potion of ambrosia {unknown}
 h - a potion of might {unknown}
 j - a potion of curing {unknown}
 p - a potion of berserk rage {unknown}


   Skills:
 * Level 3.9 Fighting
 + Level 4.9 Short Blades
 * Level 1.0 Throwing
 * Level 0.5 Armour
 * Level 4.1 Dodging
 + Level 4.1 Stealth
 * Level 0.7 Spellcasting


You had 5 spell levels left.
You didn't know any spells.
Your spell library contained the following spells:

 Spells                   Type           Power      Damage    Failure   Level
 Portal Projectile        Hex/Tloc       0%         N/A       67%         3
 Blade Hands              Tmut           0%         N/A       100%        5
 Excruciating Wounds      Necr           0%         N/A       100%        5


Dungeon Overview and Level Annotations

Branches:
Dungeon (2/15)

Altars:


Innate Abilities, Weirdness & Mutations

You are small and have problems with some larger weapons.
You are completely attuned to the shadows.


Message History

You hear a shout! 2 gnolls come into view.
The gnoll shouts!
You closely miss the gnoll. The gnoll closely misses you.
A ball python comes into view.
The gnoll closely misses you. The gnoll barely misses you.
The ball python bites you. The ball python grabs you.
The ball python constricts you.
You escape the ball python's grasp.
The ball python barely misses you. The ball python misses you.
The ball python misses you. x2
The ball python bites you but does no damage.
The ball python closely misses you. The gnoll closely misses you.
The ball python completely misses you. The ball python grabs you.
The ball python constricts you.
You hit the ball python.
You feel better.
The ball python is moderately wounded.
The ball python bites you but does no damage.
The ball python constricts you.
You hit the ball python.
You kill the ball python!
You hit the gnoll.
The gnoll is moderately wounded.
The gnoll misses you.
You barely miss the gnoll.
The gnoll is moderately wounded.
The gnoll barely misses you. The gnoll hits you with a +0 flail!
You hit the gnoll but do no damage.
The gnoll is moderately wounded.
The gnoll hits you from afar with a +0 spear.
You hit the gnoll.
You feel better.
The gnoll is heavily wounded.
The gnoll hits you with a +0 flail!
The gnoll hits you from afar with a +0 spear.
* * * LOW HITPOINT WARNING * * *
You barely miss the gnoll.
The gnoll is heavily wounded.
The gnoll hits you with a +0 flail!
You die...

#....†........#
#.###########.# #.# #.#
#.# #.# #.######## #.#
#........# #.#
######........# #.#
#....##.......####.####
#...gg@..........#.....
#...g##.........).<....
#.g..##..........#.###.
#....##..........#...#.
#.....###.#......#.###.
#.....# #.#......#.# #.
#.....# #.#...#### #.
#.....# ##### .###.
#.####### .....


You could see 4 gnolls.

Vanquished Creatures
  Jessica (D:2)
  2 adders (D:2)
  A worm (D:2)
  8 ball pythons
  3 endoplasms
  3 giant cockroaches
  4 goblins
  4 hobgoblins
  9 jackals (D:1)
  6 kobolds
  4 quokkas
  4 frilled lizards
  5 rats
54 creatures vanquished.

Notes
Turn   | Place    | Note
-------+----------+-------------------------------------------
     0 | D:1      | Kazon the Kobold Monk began the quest for the Orb.
     0 | D:1      | Reached XP level 1. HP: 14/14 MP: 1/1
   239 | D:1      | Reached XP level 2. HP: 19/19 MP: 2/2
   441 | D:1      | Reached XP level 3. HP: 23/23 MP: 3/3
   947 | D:2      | Noticed Jessica
   966 | D:2      | Killed Jessica
   967 | D:2      | Reached XP level 4. HP: 27/29 MP: 4/4
  1258 | D:2      | Found a faded altar of an unknown god.
  1607 | D:2      | Reached XP level 5. HP: 32/33 MP: 6/6
  1627 | D:2      | Reached skill level 1 in Throwing
  1781 | D:2      | Slain by a gnoll

Illustrated notes

Levels and vault maps discovered:
D:1:      scummos_arrival_simple_crosswalls, layout_basic, minmay_tripent
D:2:      layout_basic, shapermc_ecumenical_altar_totnotflames, uniq_jessica

Skill      XL: |  1  2  3  4  5 |
---------------+----------------+-----
Stealth        | 3 4 |  4.1
Dodging        | 4 |  4.1
Throwing       | 1 |  1.0
Fighting       | |  3.9
Short Blades   | |  4.9
Armour         | |  0.5
Spellcasting   | |  0.7

Action                   |  1- 3 |  4- 6 || total
-------------------------+-------+-------++-------
Melee: Dagger            |   116 |    65 ||   181
       Short sword       |     2 |       ||     2
       Punch             |     1 |     1 ||     2
Throw: Stone             |     4 |     2 ||     6
 Stab: Sleeping          |    11 |     8 ||    19
       Distracted        |     1 |       ||     1
Armor: Robe              |     8 |     4 ||    12
Dodge: Dodged            |    72 |    33 ||   105
